 Dungeon Crawl Stone Soup version 0.24.0-41-g2ae2f7f1be (webtiles) character file.

Game seed: 15970418310513963410, levelgen mode: deterministic

166 Brecoman the Ruffian (level 5, -2/42 HPs)
             Began as a Draconian Transmuter on Dec 11, 2019.
             Slain by a gnoll sergeant
             ... wielding a +0 spear
              (5 damage)
             ... on level 3 of the Dungeon on Dec 12, 2019.
             The game lasted 00:23:56 (5315 turns).

Brecoman the Ruffian (Draconian Transmuter)         Turns: 5315, Time: 00:23:57

Health: -2/42      AC:  6    Str: 12    XL:     5   Next: 22%
Magic:  1/9        EV: 12    Int: 15    God:
Gold:   281        SH:  0    Dex: 11    Spells: 6/9 levels left

rFire    . . .     SeeInvis .     - Unarmed
rCold    . . .     Gourm    .   (no shield)
rNeg     . . .     Faith    .   (armour unavailable)
rPois    .         Spirit   .   w - +0 hat
rElec    .         Reflect  .   t - +0 cloak
rCorr    +         Harm     .   (no gloves)
MR       .....                  (no boots)
Stlth    +.........             (no amulet)
HPRegen  0.14/turn              f - ring of resist corrosion
MPRegen  0.11/turn              x - ring of flight

@: appendage
A: unfitting armour, horns 2, cold-blooded, AC +5
a: End Transformation, Evoke Flight


You were on level 3 of the Dungeon.
You were hungry.
You had grown temporary horns.
You visited 1 branch of the dungeon, and saw 4 of its levels.

You collected 281 gold pieces.

Inventory:

Missiles
 a - 17 arrows
 i - 29 poisoned darts
 n - 136 stones (quivered)
 s - a throwing net
Armour
 t - a +0 cloak (worn)
 w - a +0 hat (worn)
Jewellery
 f - a ring of resist corrosion (left hand)
 x - a ring of flight (right hand)
Scrolls
 d - 3 scrolls of identify
 g - 2 scrolls of enchant weapon
 h - 7 scrolls of teleportation
 j - a scroll of remove curse
Potions
 b - a potion of haste
 e - a potion of brilliance {unknown}
 k - a potion of curing {unknown}
 l - 3 potions of might
 o - a potion of berserk rage {unknown}
 p - a potion of ambrosia {unknown}
 r - a potion of flight {unknown}
Comestibles
 c - 7 rations


   Skills:
 + Level 2.5 Fighting
 - Level 1.8 Dodging
 + Level 3.8 Unarmed Combat
 + Level 2.8 Spellcasting
 * Level 3.7 Transmutations


You had 6 spell levels left.
You knew the following spells:

 Your Spells              Type           Power        Failure   Level  Hunger
a - Beastly Appendage     Tmut           ##....       4%          1    #......
b - Sticks to Snakes      Tmut           ##......     7%          2    ##.....

Your spell library contained the following spells:

 Spells                   Type           Power        Failure   Level  Hunger
 Spider Form              Tmut/Pois      #.........   28%         3    ###....
 Ice Form                 Ice/Tmut       #.......     67%         4    #####..
 Blade Hands              Tmut           ##........   77%         5    ######.


Dungeon Overview and Level Annotations

Branches:
Dungeon (4/15)
 Temple: D:4-7

Altars:
Qazlal
Sif Muna


Innate Abilities, Weirdness & Mutations

Your plain brown scales are hard. (AC +5)
You cannot fit into any form of body armour.
You are cold-blooded and may be slowed by cold attacks.
You have a pair of horns on your head.


Message History

You hit the gnoll sergeant.
The gnoll sergeant is severely wounded.
Your ball python bites the gnoll sergeant but does no damage.
Your ball python constricts the gnoll sergeant.
The gnoll sergeant closely misses your ball python.
You barely miss the gnoll sergeant.
You tail-slap the gnoll sergeant, but do no damage.
The gnoll sergeant is severely wounded.
Your ball python bites the gnoll sergeant but does no damage.
Your ball python constricts the gnoll sergeant.
The gnoll sergeant hits your ball python with a +0 spear!
Your ball python dies!
The gnoll sergeant shouts!
You barely miss the gnoll sergeant.
Your tail-slap misses the gnoll sergeant.
The gnoll sergeant is severely wounded.
The gnoll sergeant hits you with a +0 spear!
* * * LOW HITPOINT WARNING * * *
The gnoll sergeant hits you from afar with a +0 spear.
You die...

.......################..#.#[....
.##.#### #.# #.#.##..#.#..###
....S.# #.# #.#.##..#.#(.###
.#..#.#######.# #.#.##..#.#.....
.........S....# ##..<............
.#..#.######S.# #.##.##..........
.#..#.# #..# #.##.###...#..###
....#.######..###.##.# #...#..###
.#..#.........g.@.##.###<..#.....
.#..########..)##.##.............
.##.# #...).....###...##.###
.##.## #.#.##.######..>##.###
.....# #.#...................
.##..# #.#.##.######.#.##.###
.##..# #.#.##.# #.#.......
.##..#######.#.##.# #.####.###
.....#.......).##.# #.# #.#


You could see a gnoll sergeant.

Vanquished Creatures
  An iguana (D:3)
  A gnoll (D:4)
  5 adders
  An ooze (D:2)
  A worm (D:3)
  6 leopard geckos
  6 orcs
  3 bats
  7 giant cockroaches
  8 goblins
  2 hobgoblins (D:3)
  4 quokkas
  2 ball pythons
  2 frilled lizards (D:2)
  4 kobolds
  7 rats
60 creatures vanquished.

Vanquished Creatures (collateral kills)
  A worker ant (D:3)
  An adder (D:4)
  An orc (D:3)
3 creatures vanquished.

Grand Total: 63 creatures vanquished

Notes
Turn   | Place    | Note
-------+----------+-------------------------------------------
     0 | D:1      | Brecoman the Draconian Transmuter began the quest for the
                  | Orb.
     0 | D:1      | Reached XP level 1. HP: 16/16 MP: 3/3
   655 | D:1      | Reached XP level 2. HP: 23/23 MP: 3/5
  1294 | D:2      | Reached XP level 3. HP: 28/28 MP: 4/6
  1643 | D:2      | Found a shimmering blue altar of Sif Muna.
  2621 | D:3      | Reached XP level 4. HP: 36/36 MP: 5/7
  2625 | D:3      | Learned a level 2 spell: Sticks to Snakes
  2942 | D:3      | Found a stormy altar of Qazlal.
  4164 | D:3      | Reached XP level 5. HP: 24/42 MP: 0/9
  4442 | D:4      | Noticed a phantom
  5314 | D:3      | HP: 2/42 [gnoll sergeant/+0 spear (9)]
  5315 | D:3      | Slain by a gnoll sergeant

Levels and vault maps discovered:
D:1:      eino_arrival_tree_alley, layout_basic, minmay_worlds_worst_comb
D:2:      layout_basic, lemuel_blue_sif_altar, first_ration,
          serial_corexii_hall, chequers_hall_statues_wall_a,
          chequers_hall_statues_y
D:3:      layout_basic, nicolae_qazlal_eye_of_the_storm
D:4:      layout_loops_cross

Skill      XL: |  1  2  3 |
---------------+----------+-----
Fighting       | 2 |  2.5
Transmutations | 3 |  3.7
Dodging        | |  1.8
Unarmed Combat | |  3.8
Spellcasting   | |  2.8

Action                   |  1- 3 |  4- 6 || total
-------------------------+-------+-------++-------
Melee: Unarmed           |   123 |   127 ||   250
       Tailslap          |    16 |    12 ||    28
       Kick              |    12 |    10 ||    22
       Headbutt          |     9 |     7 ||    16
       Punch             |       |     1 ||     1
Throw: Stone             |     6 |       ||     6
 Cast: Beastly Appendage |    31 |    21 ||    52
       Sticks to Snakes  |       |    23 ||    23
  Use: Scroll            |       |     8 ||     8
 Stab: Sleeping          |     1 |       ||     1
  Eat: Chunk             |     6 |     6 ||    12
       Ration            |       |     1 ||     1
Armor: Skin              |    25 |    31 ||    56
Dodge: Dodged            |    78 |    69 ||   147
